 Dungeon Crawl Stone Soup version 0.30-a0-1112-gfb780f5df6 (webtiles) character file.

Game seed: 8385494695436762535

7555 vineage the Fighter (level 11, 0/76 HPs)
             Began as a Gargoyle Fighter on Apr 19, 2023.
             Was an Elder of Okawaru.
             Slain by Snorg (10 damage)
             ... on level 10 of the Dungeon.
             The game lasted 00:11:17 (9620 turns).

vineage the Fighter (Gargoyle Fighter)              Turns: 9620, Time: 00:11:18

Health: 0/76       AC: 25    Str: 27    XL:     11   Next: 17%
Magic:  15/15      EV: 10    Int: 11    God:    Okawaru [****..]
Gold:   534        SH:  6    Dex:  9    Spells: 10/10 levels left

rFire   . . .      SeeInvis .    t - +1 flail (drain)
rCold   . . .      Faith    .    c - +0 buckler
rNeg    + . .      Spirit   .    d - +0 chain mail
rPois   ∞          Reflect  .    (no helmet)
rElec   +          Rampage  .    (no cloak)
rCorr   .                        y - +0 pair of gloves
Will    .....                    (no boots) Stlth
                                 (no amulet)
HPRegen 0.32/turn                f - ring of Reimbursement {AC+4 Str+3 Int+2}
MPRegen 0.14/turn                (no ring)

@: heroic
A: sickness immunity, AC +8, negative energy resistance 1, electricity
resistance, torment resistance 1, petrification resistance
a: Renounce Religion, Heroism, Finesse


You were on level 10 of the Dungeon.
You worshipped Okawaru.
Okawaru was greatly pleased with you.
You visited 2 branches of the dungeon, and saw 11 of its levels.

You collected 534 gold pieces.

Inventory:

Hand Weapons
 a - a +0 flail
 t - a +1 flail of draining (weapon)
Missiles
 g - 2 throwing nets (quivered)
Armour
 c - a +0 buckler (worn)
 d - a +0 chain mail (worn)
 y - a +0 pair of gloves (worn)
Jewellery
 f - the ring of Reimbursement (left hand) {AC+4 Str+3 Int+2}
   (You acquired it on level 1 of the Dungeon)

   [ring of protection]

   AC:        It affects your AC (+4).
   Str:       It affects your strength (+3).
   Int:       It affects your intelligence (+2).
 i - a ring of flight
 B - an amulet of faith
Wands
 p - a wand of digging (10)
 q - a wand of charming (15)
 v - a wand of flame (21)
 A - a wand of polymorph (8)
Scrolls
 n - 2 scrolls of vulnerability
 s - 3 scrolls of identify
 w - 3 scrolls of amnesia
 x - 2 scrolls of teleportation
Potions
 e - a potion of curing
 h - 6 potions of lignification
 j - 3 potions of attraction
 k - 2 potions of cancellation
 l - a potion of brilliance
 m - a potion of invisibility
 o - a potion of ambrosia
 r - 2 potions of flight
 u - 2 potions of haste {unknown}
 z - a potion of mutation {unknown}


   Skills:
 + Level 12.0(17.0) Fighting
 * Level 8.8(13.8) Maces & Flails
 + Level 7.2(12.2) Armour
 + Level 7.3(12.3) Shields
 + Level 6.0 Invocations


You had 10 spell levels left.
You didn't know any spells.
Your spell library contained the following spells:

 Spells                   Type           Power      Damage    Failure   Level
 Blink                    Tloc           0%         N/A       91%         2
 Portal Projectile        Hex/Tloc       0%         N/A       99%         3
 Leda's Liquefaction      Hex/Erth       0%         N/A       100%        4
 Manifold Assault         Tloc           0%         N/A       100%        4
 Storm Form               Tmut/Air       0%         N/A       100%        7
 Call Canine Familiar     Summ           Unusable   N/A       N/A         3

Dungeon Overview and Level Annotations

Branches:
Dungeon (10/15)            Temple (1/1) D:5            Lair (0/5) D:8
    Orc (0/2) D:9

Altars:
Ashenzari
Cheibriados
Dithmenos
Elyvilon
Fedhas
Gozag
Hepliaklqana
Kikubaaqudgha
Makhleb
Nemelex Xobeh
Okawaru
Qazlal
Ru
Sif Muna
Trog
Uskayaw
Vehumet
Wu Jian
Xom
Yredelemnul
Zin
The Shining One
Lugonu

Shops:
D:1 (

Annotations:
D:10 Snorg


Innate Abilities, Weirdness & Mutations

You are immune to sickness and miasma.
Your stone body is resilient. (AC +8)
You are immune to poison.
You resist negative energy. (rN+)
You are resistant to electric shocks. (rElec)
You are resistant to unholy torment.
You are immune to petrification.


Message History

You are too injured to fight recklessly!
You are too injured to fight recklessly!
You are too injured to fight recklessly!
You are too injured to fight recklessly!
You gain the combat prowess of a mighty hero.
Snorg bites you!
* * * LOW HITPOINT WARNING * * *
Snorg barely misses you. Snorg claws you but does no damage.
You feel much better. Snorg bites you but does no damage. Snorg claws you.
Snorg claws you but does no damage. Snorg bites you but does no damage.
You block Snorg's attack. x2
You are confused.
You feel invigorated. Snorg closely misses you.
Snorg claws you but does no damage. Snorg closely misses you.
You bump into the rock wall.
Snorg bites you!
Snorg claws you but does no damage. x2; Snorg bites you!
* * * LOW HITPOINT WARNING * * *
Snorg claws you.
* * * LOW HITPOINT WARNING * * *
Snorg claws you.
* * * LOW HITPOINT WARNING * * *
Okay, then.
You are too confused!
You bump into the rock wall.
Snorg closely misses you. Snorg claws you but does no damage.
Snorg closely misses you.
You closely miss Snorg.
Snorg is moderately wounded.
Snorg bites you.
* * * LOW HITPOINT WARNING * * *
Snorg claws you.
* * * LOW HITPOINT WARNING * * *
Snorg claws you.
* * * LOW HITPOINT WARNING * * *
You feel better.
You feel less invigorated. Snorg barely misses you.
Snorg claws you but does no damage. Snorg claws you!
* * * LOW HITPOINT WARNING * * *
Snorg barely misses you. You block Snorg's attack. Snorg claws you.
* * * LOW HITPOINT WARNING * * *
You feel better. Snorg bites you!
You die...

#.............#...#
#####.#
#.........#####.....
#8_8#.# ####...####
#...## #...#.# #..^####
##.... #...#.# #......#
#### ##.##.# ######.#
#.....# #.# ### #.....#
#.###.###########.....#
#.##...@T.....}.......#
#.###.###########...#.#
#.# #.# ##...#.# #.#
#.# #......# #.# #.#
#......# #.# #.#
#.#.#..## ###.#
#.##########...#...#
#...#
#...[........#####.#
#.###
###########....#...#


You could see Snorg (berserk, drained).

Vanquished Creatures
  A two-headed ogre (D:8)
  2 kobold demonologists (D:9)
  The ghost of kae the Changer, a novice DsTm (D:4)
  An unseen horror zombie (D:8)
  A wyvern (D:9)
  2 shadows (D:9)
  A wraith (D:9)
  Eustachio (D:4)
  8 yaks
  A steam dragon (D:7)
  A water moccasin (D:8)
  4 orc warriors
  2 hornet zombies (D:8)
  A black bear (D:7)
  3 ogres
  4 centaurs
  2 phantoms
  2 kobold brigands
  2 bullfrogs (D:8)
  5 scorpions
  11 killer bees
  2 howler monkeys (D:9)
  2 centaur zombies (D:8)
  4 jellies
  6 orc priests
  3 hounds
  2 sleepcaps
  7 iguanas
  11 orc wizards
  8 ogre zombies (D:9)
  2 killer bee zombies (D:8)
  2 howler monkey zombies (D:8)
  6 adders
  A white imp (D:5)
  An ufetubus (D:5)
  A worm (D:2)
  4 dart slugs
  31 orcs
  3 ball pythons
  7 bats
  7 endoplasms
  7 goblins
  10 hobgoblins
  4 jackals
  4 quokkas
  A frilled lizard (D:2)
  A goblin skeleton (D:9)
  A goblin zombie (D:9)
  2 hobgoblin skeletons (D:9)
  2 hobgoblin zombies (D:9)
  14 kobolds
  An orc skeleton (D:9)
  18 orc zombies (D:9)
  6 rats
  A bush (D:9)
238 creatures vanquished.

Vanquished Creatures (others)
  An orc wizard (D:9)
  A bush (D:9)
  3 fungi (D:8)
  A plant (D:8)
6 creatures vanquished.

Grand Total: 244 creatures vanquished

Notes
Turn   | Place    | Note
-------+----------+-------------------------------------------
     0 | D:1      | vineage the Gargoyle Fighter began the quest for the Orb.
     0 | D:1      | Reached XP level 1. HP: 14/14 MP: 1/1
    79 | D:1      | Reached XP level 2. HP: 20/20 MP: 2/2
   106 | D:1      | Reached skill level 4 in Fighting
   180 | D:1      | Reached XP level 3. HP: 23/24 MP: 3/3
   479 | D:1      | Found Zeenunn's Antique Weapon Boutique.
   963 | D:1      | Identified a scroll of acquirement
   963 | D:1      | Acquired the ring of Reimbursement {AC+4 Str+3 Int+2}
  1038 | D:2      | Reached skill level 5 in Fighting
  1108 | D:2      | Reached XP level 4. HP: 31/31 MP: 4/4
  1704 | D:3      | Reached skill level 6 in Fighting
  1704 | D:3      | Reached XP level 5. HP: 36/36 MP: 5/5
  1887 | D:3      | Found a broken altar of Ashenzari.
  2010 | D:4      | Noticed kae's ghost (novice DsTm)
  2010 | D:4      | Found a runed translucent gate.
  2011 | D:4      | Found a runed translucent gate.
  2012 | D:4      | Found a runed translucent gate.
  2015 | D:4      | Noticed an ogre
  2021 | D:4      | Killed an ogre
  2022 | D:4      | Reached skill level 7 in Fighting
  2022 | D:4      | Reached XP level 6. HP: 44/44 MP: 6/6
  2190 | D:4      | Reached skill level 8 in Fighting
  2323 | D:4      | Found a glowing silver altar of Zin.
  2323 | D:4      | Noticed Eustachio
  2746 | D:4      | Killed Eustachio
  2747 | D:4      | Reached skill level 9 in Fighting
  2747 | D:4      | Reached XP level 7. HP: 40/51 MP: 7/7
  2862 | D:4      | Found a sacrificial altar of Ru.
  2957 | D:4      | Killed kae's ghost
  2958 | D:4      | Reached skill level 10 in Fighting
  2995 | D:5      | Entered Level 5 of the Dungeon
  3045 | D:5      | Reached XP level 8. HP: 56/57 MP: 8/8
  3261 | D:5      | Found a staircase to the Ecumenical Temple.
  3288 | Temple   | Entered the Ecumenical Temple
  3332 | Temple   | Became a worshipper of Warmaster Okawaru
  4202 | D:6      | Reached skill level 1 in Invocations
  4979 | D:7      | Reached XP level 9. HP: 49/63 MP: 10/10
  5078 | D:7      | Reached * piety under Okawaru
  5191 | D:7      | Found a radiant altar of Vehumet.
  5288 | D:7      | Found a hide-covered altar of Uskayaw.
  5400 | D:7      | Reached skill level 5 in Maces & Flails
  5731 | D:7      | Found a sparkling altar of Nemelex Xobeh.
  5795 | D:7      | Reached skill level 5 in Armour
  5795 | D:7      | Reached skill level 5 in Shields
  5960 | D:7      | Reached skill level 11 in Fighting
  6024 | D:8      | Found a shimmering blue altar of Sif Muna.
  6024 | D:8      | Found a snail-covered altar of Cheibriados.
  6024 | D:8      | Found an ornate altar of the Wu Jian Council.
  6215 | D:8      | Reached ** piety under Okawaru
  6389 | D:8      | Found a stormy altar of Qazlal.
  6406 | D:8      | Noticed a two-headed ogre
  6650 | D:8      | Found a bloodstained altar of Trog.
  6651 | D:8      | Found a burning altar of Makhleb.
  6797 | D:8      | Killed a two-headed ogre
  6798 | D:8      | Reached XP level 10. HP: 45/70 MP: 10/13
  6892 | D:8      | Found a staircase to the Lair.
  7164 | D:8      | Found a basalt altar of Yredelemnul.
  7403 | D:8      | Reached *** piety under Okawaru
  7711 | D:9      | Reached skill level 5 in Invocations
  7851 | D:9      | Found a staircase to the Orcish Mines.
  8752 | D:9      | Noticed a kobold demonologist
  8753 | D:9      | Noticed a kobold demonologist
  8757 | D:9      | Noticed an orange demon
  8786 | D:9      | Killed a kobold demonologist
  8794 | D:9      | Killed a kobold demonologist
  8794 | D:9      | Reached **** piety under Okawaru
  8795 | D:9      | Reached XP level 11. HP: 58/76 MP: 15/15
  9230 | D:10     | Entered Level 10 of the Dungeon
  9303 | D:10     | Found an opulent altar of Gozag.
  9395 | D:10     | Reached skill level 12 in Fighting
  9604 | D:10     | Noticed Snorg
  9618 | D:10     | HP: 2/76 [Snorg (2)]
  9620 | D:10     | Slain by Snorg

Illustrated notes

Levels and vault maps discovered:
D:1:      tarquinn_simple_flora_water_c, layout_basic, serial_shops, shop
D:2:      minmay_inner_zag, layout_rooms, st_stairs_10
D:3:      layout_rooms, lemuel_tele_altar, nicolae_figureground_sparkle
D:4:      layout_cave_pools, nicolae_ru_the_path_less_chosen,
          mainiacjoe_overflow_24_doors, ebering_ghost_rock_garden,
          uniq_eustachio
D:5:      layout_rooms, minmay_temple_entry_overgrown
D:6:      layout_loops_corners
D:7:      layout_basic, nemelex_dance_club_becter, kennysheep_mini,
          marbit_many_paths, serial_glass, glass_columns_b, glass_columns_a,
          item_on_display_a, minmay_strange_pillars, due_unseen_surprise
D:8:      layout_basic, chequers_temple_overflow_statue_of_worship,
          nicolae_yredelemnul_corpse_copse, gammafunk_temple_overflow_pools,
          nicolae_qazlal_style_of_elements, dpeg_oklobed_lair, serial_rivers,
          chequers_serial_rivers_micro_e, chequers_serial_rivers_marsh,
          chequers_serial_rivers_small_3, chequers_serial_rivers_small_3,
          chequers_serial_rivers_large_a, chequers_serial_rivers_small_b
D:9:      layout_loops_cross, zombieorc2_lemuel, enter_bailey_5,
          hangedman_decor_push, solitary_fountain, minmay_hedge_maze,
          grunt_ministairs_12
D:10:     layout_loops_ring, grunt_gozag_breadcrumbs, serial_shops,
          nicolae_shop_getting_attention, nicolae_trove_entry_crystal,
          uniq_snorg
Temple:   corrupted_temple

Skill      XL: |  1  2  3  4  5  6  7  8  9 10 11 |
---------------+----------------------------------+-----
Fighting       | 4 5 6 7 9 10 11 12 | 12.0
Maces & Flails | 4 6 8 |  8.8
Armour         | 4 5 6 7 |  7.2
Shields        | 4 5 7 |  7.3
Invocations    | 2 4 5 6 |  6.0

Action                     |  1- 3 |  4- 6 |  7- 9 | 10-12 || total
---------------------------+-------+-------+-------+-------++-------
  Melee: Flail             |    91 |   268 |   337 |   450 ||  1146
 Invoke: Heroism           |       |       |     1 |     5 ||     6
    Use: Scroll            |     2 |     9 |     9 |     2 ||    22
         Potion            |       |     3 |     1 |     5 ||     9
   Stab: Invisible         |       |       |     2 |       ||     2
 Armour: Scale mail        |    51 |    74 |       |       ||   125
         Chain mail        |       |   282 |   281 |   313 ||   876
  Dodge: Dodged            |    50 |   215 |   126 |   175 ||   566
  Block: Buckler           |    16 |    83 |    69 |   122 ||   290

Table legend: (Time is in decaauts)
 A = Elapsed time spent in this place.
 B = Non-inter-level travel time spent in this place.
 C = Inter-level travel time spent in this place.
 D = Time resting spent in this place.
 E = Time spent auto-exploring this place.
 F = Levels seen in this place.
 G = Mean time per level.
                   A        B        C        D        E       F      G
               +--------+--------+--------+--------+--------+-----+--------+
         Total |   9836 |   9504 |    332 |    951 |   6427 |  11 |  894.2 |
       Dungeon |   9774 |   9473 |    301 |    951 |   6402 |  10 |  977.4 |
        Temple |     62 |     31 |     31 |      0 |     24 |   1 |   62.0 |
               +--------+--------+--------+--------+--------+-----+--------+

Top non-repeatable levels by time:
     D:9: 1653 daAuts
     D:8: 1577 daAuts
     D:6: 1392 daAuts
     D:7: 1152 daAuts
     D:4: 1055 daAuts
     D:1: 1011 daAuts
     D:2: 613 daAuts
     D:5: 487 daAuts
     D:3: 441 daAuts
    D:10: 389 daAuts
  Temple: 62 daAuts
